 Dungeon Crawl Stone Soup version 0.20-a0-556-g892c87b (webtiles) character file.

118 GlassEater the Shield-Bearer (level 5, -4/46 HPs)
             Began as a Hill Orc Fighter on Feb 7, 2017.
             Slain by a sky beast (5 damage)
             ... on level 2 of the Dungeon.
             The game lasted 00:03:28 (2322 turns).

GlassEater the Shield-Bearer (Hill Orc Fighter)     Turns: 2322, Time: 00:03:29

Health: -4/46      AC:  9    Str: 20    XL:     5   Next: 2%
Magic:  5/5        EV:  7    Int:  8    God:
Gold:   89         SH:  9    Dex: 10    Spells: 4/4 levels left

rFire    . . .     SeeInvis .   a - +0 flail
rCold    . . .     Gourm    .   b - +0 scale mail
rNeg     . . .     Faith    .   c - +0 shield
rPois    .         Spirit   .   g - +2 hat
rElec    .         Reflect  .   (no cloak)
rCorr    .         Harm     .   (no gloves)
MR       .....                  (no boots)
Stlth    ..........             (no amulet)
Regen    0.2/turn               (no ring)
                                (no ring)

@: no status effects
A: no striking features
a: no special abilities


You were on level 2 of the Dungeon.
You were not hungry.

You visited 1 branch of the dungeon, and saw 3 of its levels.

You collected 89 gold pieces.

Inventory:

Hand Weapons
 a - a +0 flail (weapon)
Missiles
 u - 6 steel tomahawks (quivered)
Armour
 b - a +0 scale mail (worn)
 c - a +0 shield (worn)
 g - a +2 hat (worn)
Jewellery
 e - an uncursed ring of see invisible {unknown}
 i - an uncursed amulet of the gourmand {unknown}
 t - a cursed ring of teleportation {unknown}
Scrolls
 j - 5 scrolls of identify {unknown}
 n - a scroll of enchant armour {unknown}
 o - a scroll of teleportation {unknown}
 q - a scroll of fear {unknown}
 r - 3 scrolls of remove curse {unknown}
Potions
 d - a potion of might
 k - 2 potions of agility {unknown}
 l - 2 potions of curing {unknown}
 p - 2 potions of heal wounds {unknown}
 s - a potion of flight {unknown}
Comestibles
 f - 2 bread rations
 h - a royal jelly
 m - 5 chunks of flesh


   Skills:
 + Level 4.1 Fighting
 + Level 3.2 Maces & Flails
 + Level 4.1 Armour
 + Level 0.8 Dodging
 + Level 4.3 Shields


You had 4 spell levels left.
You didn't know any spells.

Dungeon Overview and Level Annotations

Branches:
Dungeon (3/15)

Altars:

Annotations:
D:3 MgDark's ghost, weakling DrTm


Message History

* * * LOW HITPOINT WARNING * * *
You closely miss the sky beast.
The sky beast is heavily wounded.
The sky beast barely misses you.
You miss the sky beast.
The sky beast is heavily wounded.
The sky beast barely misses you.
The sky beast hits you but does no damage.
You hit the sky beast.
The sky beast is heavily wounded.
You block the sky beast's attack.
You barely miss the sky beast.
The sky beast is heavily wounded.
The sky beast barely misses you.
You closely miss the sky beast.
The sky beast is heavily wounded.
The sky beast hits you.
* * * LOW HITPOINT WARNING * * *
The sky beast shocks you.
You die...

.# ##...#....###....##....##. .#
#..####.......##....##.#.. ##
###........#...###..#.......
#.....................####..
######.(...######...##......# #..
#..............##...###.###.###..
..##....######..##### #.# #..##..
.##..#### ##Y### #.# ##..##.
....## #.@.#####.#####.... #####
###..#.......###### #
##.........# ##........#
##.......# #.......# #########


You could see a sky beast.

Vanquished Creatures
  Robin (D:2)
  A gnoll (D:2)
  An adder (D:2)
  3 oozes
  3 worms (D:2)
  3 dart slugs
  A leopard gecko (D:1)
  4 giant cockroaches
  17 goblins
  8 hobgoblins
  A ball python (D:2)
  4 bats
  3 frilled lizards
  4 kobolds
  6 rats
60 creatures vanquished.

Notes
Turn   | Place    | Note
-------+----------+-------------------------------------------
     0 | D:1      | GlassEater the Hill Orc Fighter began the quest for the Orb.
     0 | D:1      | Reached XP level 1. HP: 19/19 MP: 1/1
   262 | D:1      | Reached XP level 2. HP: 27/27 MP: 2/2
   795 | D:1      | Reached XP level 3. HP: 33/33 MP: 3/3
  1488 | D:2      | Reached XP level 4. HP: 30/40 MP: 4/4
  1875 | D:2      | Noticed Robin
  1907 | D:2      | Killed Robin
  2296 | D:3      | Noticed a sky beast
  2301 | D:3      | Reached XP level 5. HP: 37/46 MP: 5/5
  2305 | D:3      | Noticed MgDark's ghost (weakling DrTm)
  2322 | D:2      | HP: 1/46 [sky beast (4)]
  2322 | D:2      | Slain by a sky beast

Vault maps used:
D:1:      minmay_arrival_jagged, serial_bayou, serial_bayou_crossing,
          serial_bayou_pond_e, serial_bayou_pond_c, serial_bayou_shore_a
D:2:      uniq_robin

Skill      XL: |  1  2  3  4 |
---------------+-------------+-----
Shields        | 4 |  4.3
Fighting       | 4 |  4.1
Armour         | 4 |  4.1
Maces & Flails | 3 |  3.2
Dodging        | |  0.8

Action                   |  1- 3 |  4- 6 || total
-------------------------+-------+-------++-------
Melee: Flail             |   126 |   123 ||   249
  Eat: Chunk             |     2 |     3 ||     5
Armor: Scale mail        |    45 |    65 ||   110
Dodge: Dodged            |    39 |    42 ||    81
Block: Shield            |    63 |    77 ||   140
